ORI
UNIVERSITY OF ALABAMA CRIMSON TIDE @ UNIVERSITY OF CONNETICUT HUSKIES
12/12/2048
 
TOP OF THE 1ST
University of Alabama Crimson Tide batting - Pitching for University of Conneticut Huskies : RHP Jordan Watkins
Pitching: RHP Jordan Watkins
Batting: RHB Danny Rosario 0-0: Called Strike
0-1: Foul Ball, location: 2F
0-2: Ball
1-2: Strikes out looking
Batting: RHB B.J. Clark 0-0: Called Strike
0-1: Called Strike
0-2: Ball
1-2: Ball
2-2: Foul Ball, location: 2F
2-2: SINGLE (Groundball, 56S, EV 69.4 MPH) (infield hit)
Batting: LHB Danny Schultz 0-0: Ball
1-0: Ball
2-0: Foul Ball, location: 2F
2-1: Ball
3-1: Called Strike
3-2: Foul Ball, location: 2F
3-2: Strikes out swinging
Batting: RHB Matt Williams 0-0: Called Strike
0-1: Ball
1-1: Ball
2-1: Swinging Strike
2-2: Ball
3-2: Strikes out looking
Top of the 1st over - 0 runs, 1 hit, 0 errors, 1 left on base; University of Alabama 0 - University of Conneticut 0
BOTTOM OF THE 1ST
University of Conneticut Huskies batting - Pitching for University of Alabama Crimson Tide : RHP Jihei Nomura
Pitching: RHP Jihei Nomura
Batting: RHB Kyle Finney 0-0: SINGLE (Line Drive, 6MD, EV 93.8 MPH)
Batting: RHB Phil Hilton 0-0: Ball
Kyle Finney is caught stealing 2nd base 2-4
1-0: Swinging Strike
1-1: Foul Ball, location: 2F
1-2: Ball
2-2: Foul Ball, location: 2F
2-2: Foul Ball, location: 2F
2-2: Ball
3-2: Strikes out swinging
Batting: LHB Greg James 0-0: Called Strike
0-1: Hit by Pitch
Batting: RHB Roku Kawano 0-0: Ball
1-0: Called Strike
1-1: Ball
2-1: Foul Ball, location: 2F
2-2: Strikes out swinging
Bottom of the 1st over - 0 runs, 1 hit, 0 errors, 1 left on base; University of Alabama 0 - University of Conneticut 0
TOP OF THE 2ND
University of Alabama Crimson Tide batting - Pitching for University of Conneticut Huskies : RHP Jordan Watkins
Batting: RHB Al Lara 0-0: Ball
1-0: Ball
2-0: Ball
3-0: Called Strike
3-1: Fly out, F8 (Flyball, 8LXD, EV 85.0 MPH)
Batting: LHB Matt Barkley 0-0: Ball
1-0: Ball
2-0: Called Strike
2-1: Foul Ball, location: 2F
2-2: Ball
3-2: Foul Ball, location: 2F
3-2: Strikes out swinging
Batting: LHB Platon Protopsaltis 0-0: Called Strike
0-1: Swinging Strike
0-2: Ball
1-2: Foul Ball, location: 2F
1-2: Ball
2-2: Strikes out looking
Top of the 2nd over - 0 runs, 0 hits, 0 errors, 0 left on base; University of Alabama 0 - University of Conneticut 0
BOTTOM OF THE 2ND
University of Conneticut Huskies batting - Pitching for University of Alabama Crimson Tide : RHP Jihei Nomura
Batting: LHB Jonathan Sica 0-0: Ball
1-0: Called Strike
1-1: Ball
2-1: Foul Ball, location: 2F
2-2: Ball
3-2: Foul Ball, location: 2F
3-2: Foul Ball, location: 2F
3-2: Foul Ball, location: 2F
3-2: Ground out 4-3 (Groundball, 4, EV 88.8 MPH)
Batting: RHB Victor Ramos 0-0: DOUBLE (Line Drive, 9LM, EV 113.8 MPH)
Batting: LHB Omar Alba 0-0: Foul Ball, location: 2F
0-1: Foul Ball, location: 2F
0-2: Strikes out swinging
Batting: RHB Cullen Elliott 0-0: Ball
1-0: Foul Ball, location: 2F
1-1: Foul Ball, location: 2F
1-2: Strikes out swinging
Bottom of the 2nd over - 0 runs, 1 hit, 0 errors, 1 left on base; University of Alabama 0 - University of Conneticut 0
TOP OF THE 3RD
University of Alabama Crimson Tide batting - Pitching for University of Conneticut Huskies : RHP Jordan Watkins
Batting: LHB Joe Blackwood 0-0: Swinging Strike
0-1: Swinging Strike
0-2: Foul Ball, location: 2F
0-2: Strikes out swinging
Batting: RHB Eric Kilmer 0-0: Foul Ball, location: 2F
0-1: Called Strike
0-2: Ball
1-2: Ball
2-2: Foul Ball, location: 2F
2-2: Strikes out swinging
Batting: RHB Danny Rosario 0-0: Ball
1-0: SINGLE (Groundball, 3D, EV 99.4 MPH)
Batting: RHB B.J. Clark 0-0: Called Strike
Danny Rosario steals 2nd base
0-1: Called Strike
0-2: Ball
1-2: Ball
2-2: Ground out 6-3 (Groundball, 6D, EV 95.6 MPH)
Top of the 3rd over - 0 runs, 1 hit, 0 errors, 1 left on base; University of Alabama 0 - University of Conneticut 0
BOTTOM OF THE 3RD
University of Conneticut Huskies batting - Pitching for University of Alabama Crimson Tide : RHP Jihei Nomura
Batting: RHB Jordan Nicholas 0-0: Ball
1-0: Swinging Strike
1-1: Ball
2-1: Foul Ball, location: 2F
2-2: Strikes out swinging
Batting: RHB Kyle Finney 0-0: Ball
1-0: Ball
2-0: Ground out U3 (Groundball, 3, EV 86.2 MPH)
Batting: RHB Phil Hilton 0-0: Called Strike
0-1: DOUBLE (Line Drive, 8RXD, EV 108.8 MPH)
Batting: LHB Greg James 0-0: Called Strike
0-1: SINGLE (Line Drive, 8RS, EV 105.6 MPH)
Phil Hilton to third
Runner from 3rd tries for Home, SAFE, throw by CF to home
Batting: RHB Roku Kawano 0-0: Called Strike
0-1: Fly out, F8 (Flyball, 78M, EV 91.9 MPH)
Bottom of the 3rd over - 1 run, 2 hits, 0 errors, 1 left on base; University of Alabama 0 - University of Conneticut 1
TOP OF THE 4TH
University of Alabama Crimson Tide batting - Pitching for University of Conneticut Huskies : RHP Jordan Watkins
Batting: LHB Danny Schultz 0-0: Ball
1-0: Called Strike
1-1: Foul Ball, location: 2F
1-2: Ball
2-2: SINGLE (Groundball, 6M, EV 105.0 MPH)
Batting: RHB Matt Williams 0-0: Ball
1-0: Fielders Choice at 2nd, 6-4 (Groundball, 6, EV 86.9 MPH)
Batting: RHB Al Lara 0-0: Ball
1-0: Called Strike
1-1: Swinging Strike
1-2: Strikes out swinging
Batting: LHB Matt Barkley 0-0: Called Strike
0-1: Foul Ball, location: 2F
0-2: Ball
1-2: Ball
2-2: Strikes out looking
Top of the 4th over - 0 runs, 1 hit, 0 errors, 1 left on base; University of Alabama 0 - University of Conneticut 1
BOTTOM OF THE 4TH
University of Conneticut Huskies batting - Pitching for University of Alabama Crimson Tide : RHP Jihei Nomura
Batting: LHB Jonathan Sica 0-0: Foul Ball, location: 2F
0-1: Called Strike
0-2: Fly out, F2 (Popup, 2LF, EV 88.8 MPH)
Batting: RHB Victor Ramos 0-0: Ball
1-0: Ball
2-0: Ball
3-0: Called Strike
3-1: Fly out, F8 (Flyball, 8RS, EV 93.8 MPH)
Batting: LHB Omar Alba 0-0: Foul Ball, location: 2F
0-1: Ball
1-1: Called Strike
1-2: Foul Ball, location: 2F
1-2: Ball
2-2: Strikes out swinging
Bottom of the 4th over - 0 runs, 0 hits, 0 errors, 0 left on base; University of Alabama 0 - University of Conneticut 1
TOP OF THE 5TH
University of Alabama Crimson Tide batting - Pitching for University of Conneticut Huskies : RHP Jordan Watkins
Batting: LHB Platon Protopsaltis 0-0: Ball
1-0: Ball
2-0: Called Strike
2-1: Swinging Strike
2-2: Strikes out swinging
Pitching: RHP Hector Guerra
Batting: LHB Joe Blackwood 0-0: Ground out 4-3 (Groundball, 34, EV 98.8 MPH)
Batting: RHB Eric Kilmer 0-0: Ground out 3-1 (Groundball, 34, EV 80.0 MPH)
Top of the 5th over - 0 runs, 0 hits, 0 errors, 0 left on base; University of Alabama 0 - University of Conneticut 1
BOTTOM OF THE 5TH
University of Conneticut Huskies batting - Pitching for University of Alabama Crimson Tide : RHP Jihei Nomura
Batting: RHB Cullen Elliott 0-0: Ball
1-0: Called Strike
1-1: Swinging Strike
1-2: Ball
2-2: Ball
3-2: Strikes out looking
Batting: RHB Jordan Nicholas 0-0: Ball
1-0: SINGLE (Line Drive, 9S, EV 105.0 MPH)
Batting: RHB Kyle Finney 0-0: Called Strike
Jordan Nicholas steals 2nd base
0-1: Swinging Strike
0-2: Ball
1-2: Ground out 1-3 (Groundball, 13S, EV 70.0 MPH)
Jordan Nicholas to third
Batting: RHB Phil Hilton 0-0: Called Strike
0-1: Foul Ball, location: 2F
0-2: Ball
1-2: Foul Ball, location: 2F
1-2: Ball
2-2: Ball
3-2: Foul Ball, location: 2F
3-2: Foul Ball, location: 2F
3-2: Foul Ball, location: 2F
3-2: TRIPLE (Line Drive, 78XD, EV 111.2 MPH)
Jordan Nicholas scores
Pitching: RHP Dwayne Boivin
Batting: LHB Greg James 0-0: Ball
1-0: Ball
2-0: Ball
3-0: Called Strike
3-1: Base on Balls
Batting: RHB Roku Kawano 0-0: Foul Ball, location: 2F
0-1: Reached on error, E4 (Groundball, 4, EV 90.6 MPH)
Phil Hilton scores
Greg James to second
Batting: LHB Jonathan Sica 0-0: Swinging Strike
0-1: Foul Ball, location: 2F
0-2: Ball
1-2: Foul Ball, location: 2F
1-2: Ground out U3 (Groundball, 3, EV 80.0 MPH)
Bottom of the 5th over - 2 runs, 2 hits, 1 error, 2 left on base; University of Alabama 0 - University of Conneticut 3
TOP OF THE 6TH
University of Alabama Crimson Tide batting - Pitching for University of Conneticut Huskies : RHP Hector Guerra
Batting: RHB Danny Rosario 0-0: Ball
1-0: Swinging Strike
1-1: Ground out 4-3 (Groundball, 4, EV 100.0 MPH)
Batting: RHB B.J. Clark 0-0: Foul Ball, location: 2F
0-1: Foul Ball, location: 2F
0-2: Ball
1-2: SINGLE (Line Drive, 8LS, EV 112.5 MPH)
Batting: LHB Danny Schultz 0-0: Fly out, F6 (Line Drive, 6, EV 68.1 MPH)
Batting: RHB Matt Williams 0-0: Fly out, F9 (Flyball, 9S, EV 83.1 MPH)
Top of the 6th over - 0 runs, 1 hit, 0 errors, 1 left on base; University of Alabama 0 - University of Conneticut 3
BOTTOM OF THE 6TH
University of Conneticut Huskies batting - Pitching for University of Alabama Crimson Tide : RHP Dwayne Boivin
Batting: RHB Victor Ramos 0-0: Ball
1-0: Called Strike
1-1: Foul Ball, location: 2F
1-2: Foul Ball, location: 2F
1-2: Ball
2-2: Ball
3-2: TRIPLE (Line Drive, 9LD, EV 109.4 MPH)
Batting: LHB Omar Alba 0-0: Ball
1-0: Ball
2-0: Called Strike
2-1: SINGLE (Groundball, 56, EV 105.0 MPH)
Victor Ramos scores
Batting: RHB Cullen Elliott 0-0: Ball
1-0: Swinging Strike
1-1: Swinging Strike
1-2: Strikes out looking
Batting: RHB Jordan Nicholas 0-0: Called Strike
0-1: Fly out, F9 (Line Drive, 9D, EV 98.8 MPH)
Batting: RHB Kyle Finney 0-0: Called Strike
Omar Alba steals 2nd base
0-1: Ground out 5-3 (Groundball, 56, EV 106.2 MPH)
Bottom of the 6th over - 1 run, 2 hits, 0 errors, 1 left on base; University of Alabama 0 - University of Conneticut 4
TOP OF THE 7TH
University of Alabama Crimson Tide batting - Pitching for University of Conneticut Huskies : RHP Hector Guerra
Batting: RHB Al Lara 0-0: Ball
1-0: Ground out 5-3 (Groundball, 56, EV 82.5 MPH)
Batting: LHB Matt Barkley 0-0: Ball
1-0: Called Strike
1-1: Foul Ball, location: 2F
1-2: Foul Ball, location: 2F
1-2: Ball
2-2: Fly out, F6 (Popup, 15, EV 73.1 MPH)
Batting: LHB Platon Protopsaltis 0-0: Ball
1-0: Foul Ball, location: 2F
1-1: Foul Ball, location: 2F
1-2: Ball
2-2: Foul Ball, location: 2F
2-2: Ball
3-2: Foul Ball, location: 2F
3-2: Foul Ball, location: 2F
3-2: Base on Balls
Batting: LHB Joe Blackwood 0-0: Ball
1-0: Ball
2-0: Foul Ball, location: 2F
2-1: Foul Ball, location: 2F
2-2: Strikes out swinging
Top of the 7th over - 0 runs, 0 hits, 0 errors, 1 left on base; University of Alabama 0 - University of Conneticut 4
BOTTOM OF THE 7TH
University of Conneticut Huskies batting - Pitching for University of Alabama Crimson Tide : RHP Dwayne Boivin
Pitching: RHP Andrew Maldonado
Batting: RHB Phil Hilton 0-0: Called Strike
0-1: Called Strike
0-2: Foul Ball, location: 2F
0-2: Ball
1-2: Ball
2-2: Ball
3-2: Ground out U3 (Groundball, 34, EV 101.9 MPH)
Batting: LHB Greg James 0-0: Ball
1-0: Foul Ball, location: 2F
1-1: Ball
2-1: DOUBLE (Line Drive, 8LXD, EV 105.6 MPH)
Batting: RHB Roku Kawano 0-0: Foul Ball, location: 2F
0-1: Ball
1-1: Foul Ball, location: 2F
1-2: Ball
2-2: Ball
3-2: Fly out, F3 (Popup, 3SF, EV 73.1 MPH)
Batting: LHB Jonathan Sica 0-0: Ball
1-0: Foul Ball, location: 2F
1-1: Foul Ball, location: 2F
1-2: Ball
Wild Pitch!
Greg James to third
2-2: Ground out 5-3 (Groundball, 5, EV 91.2 MPH)
Bottom of the 7th over - 0 runs, 1 hit, 0 errors, 1 left on base; University of Alabama 0 - University of Conneticut 4
TOP OF THE 8TH
University of Alabama Crimson Tide batting - Pitching for University of Conneticut Huskies : RHP Hector Guerra
Pitching: RHP Sal Sanchez
Batting: RHB Eric Kilmer 0-0: Swinging Strike
0-1: Ball
1-1: Swinging Strike
1-2: Foul Ball, location: 2F
1-2: Strikes out swinging
Batting: RHB Danny Rosario 0-0: Foul Ball, location: 2F
0-1: Called Strike
0-2: Ball
1-2: Ball
2-2: Ball
3-2: SINGLE (Groundball, 6MD, EV 110.6 MPH)
Batting: RHB B.J. Clark 0-0: Ball
1-0: Ball
2-0: Swinging Strike
2-1: Called Strike
2-2: Ball
3-2: Strikes out looking
Batting: LHB Danny Schultz 0-0: Ball
1-0: Foul Ball, location: 2F
1-1: Ball
2-1: Ball
3-1: Fielders Choice at 2nd, 6-4 (Groundball, 6, EV 106.9 MPH)
Top of the 8th over - 0 runs, 1 hit, 0 errors, 1 left on base; University of Alabama 0 - University of Conneticut 4
BOTTOM OF THE 8TH
University of Conneticut Huskies batting - Pitching for University of Alabama Crimson Tide : RHP Andrew Maldonado
Batting: RHB Victor Ramos 0-0: Called Strike
0-1: Ball
1-1: Fly out, F8 (Flyball, 89D, EV 88.1 MPH)
Batting: LHB Omar Alba 0-0: Ball
1-0: Ball
2-0: Ball
3-0: Called Strike
3-1: Called Strike
3-2: SINGLE (Flyball, 78S, EV 93.1 MPH)
Batting: RHB Cullen Elliott 0-0: Called Strike
Omar Alba is caught stealing 2nd base 2-4
0-1: Ball
1-1: Ball
2-1: Ground out 6-3 (Groundball, 6, EV 109.4 MPH)
Bottom of the 8th over - 0 runs, 1 hit, 0 errors, 0 left on base; University of Alabama 0 - University of Conneticut 4
TOP OF THE 9TH
University of Alabama Crimson Tide batting - Pitching for University of Conneticut Huskies : RHP Sal Sanchez
Batting: RHB Matt Williams 0-0: Ball
1-0: Ball
2-0: Ball
3-0: Called Strike
3-1: Base on Balls
Batting: RHB Al Lara 0-0: Foul Ball, location: 2F
0-1: 2-RUN HOME RUN (Flyball, 78XD, EV 106.2 MPH), Distance : 413 ft
Pitching: LHP Jesus Cordero
Now in LF: Victor Nava
Batting: LHB Matt Barkley 0-0: Ball
1-0: Ball
2-0: Swinging Strike
2-1: Called Strike
2-2: DOUBLE (Line Drive, 89XD, EV 113.1 MPH)
Pinch Hitting: RHB Hughie Withers 0-0: Called Strike
0-1: Ball
1-1: Foul Ball, location: 2F
1-2: Foul Ball, location: 2F
1-2: Ground out 6-3 (Groundball, 6D, EV 102.5 MPH)
Pinch Hitting: RHB Fernando Reyes 0-0: Ball
1-0: Swinging Strike
1-1: Swinging Strike
1-2: Ground out 1-3 (Groundball, 34S, EV 69.4 MPH)
Matt Barkley to third
Batting: RHB Eric Kilmer 0-0: Ball
1-0: Ball
2-0: Called Strike
2-1: Ground out 5-3 (Groundball, 56S, EV 83.1 MPH)
Top of the 9th over - 2 runs, 2 hits, 0 errors, 1 left on base; University of Alabama 2 - University of Conneticut 4
Tuesday, March 28th , 2023 - OOTP Baseball 23.10 Build 110